 Dungeon Crawl Stone Soup version 0.21.1-1-g345015f (webtiles) character file.

214 diana the Slasher (level 5, -8/41 HPs)
             Began as a Demonspawn Gladiator on June 8, 2018.
             Was an Initiate of Ru.
             Killed by divine providence
             ... invoked by an orc priest
              (16 damage)
             ... on level 4 of the Dungeon.
             The game lasted 00:03:18 (2153 turns).

diana the Slasher (Demonspawn Gladiator)            Turns: 2153, Time: 00:03:19

Health: -8/41      AC:  6    Str: 14    XL:     5   Next: 59%
Magic:  5/5        EV: 12    Int: 10    God:    Ru [......]
Gold:   100        SH:  0    Dex: 15    Spells: 4/4 levels left

rFire    + . .     SeeInvis .   a - +0 long sword
rCold    . . .     Gourm    .   (no shield)
rNeg     . . .     Faith    .   j - +0 ring mail (curse)
rPois    .         Spirit   .   c - +0 helmet
rElec    .         Reflect  .   (no cloak)
rCorr    .         Harm     .   (no gloves)
MR       .....                  (no boots)
Stlth    +.........             (no amulet)
HPRegen  0.13/turn              (no ring)
MPRegen  0.09/turn              (no ring)

@: no status effects
A: talons 1, fire resistance 1, spiny 1
a: Renounce Religion


You were on level 4 of the Dungeon.
You worshipped Ru.
Ru was noncommittal.
You were not hungry.

You visited 1 branch of the dungeon, and saw 4 of its levels.

You collected 100 gold pieces.

Inventory:

Hand Weapons
 a - a +0 long sword (weapon)
Missiles
 d - 3 throwing nets (quivered)
Armour
 b - a +0 leather armour
 c - a +0 helmet (worn)
 j - a cursed +0 ring mail (worn)
Scrolls
 g - 3 scrolls of random uselessness {unknown}
 k - 2 scrolls of identify {unknown}
 l - a scroll of magic mapping {unknown}
 o - 2 scrolls of remove curse {unknown}
 p - a scroll of immolation {unknown}
 r - 2 scrolls of enchant weapon {unknown}
 s - 2 scrolls of fog {unknown}
Potions
 e - 2 potions of curing {unknown}
 h - a potion of haste {unknown}
 i - 3 potions of berserk rage {unknown}
 m - a potion of degeneration {unknown}
 n - a potion of brilliance {unknown}
 q - a potion of agility {unknown}
Comestibles
 f - 7 rations
 t - 3 chunks of flesh


   Skills:
 + Level 3.2 Fighting
 * Level 4.3 Long Blades
 - Level 1.7 Throwing
 + Level 1.5 Armour
 + Level 3.5 Dodging


You had 4 spell levels left.
You didn't know any spells.

Dungeon Overview and Level Annotations

Branches:
Dungeon (4/15)
 Temple: D:4-7

Altars:
Elyvilon
Hepliaklqana
Nemelex Xobeh
Ru
Uskayaw
Zin


Innate Abilities, Weirdness & Mutations

You have sharp toenails.
Your flesh is heat resistant. (rF+)
You are partially covered in sharp spines.


Message History

The orc priest invokes the aid of Beogh against you.
Beogh smites you! The orc barely misses you. The orc is struck by your spines.
The orc barely misses you.
You riposte.
Your ring mail prevents you from hitting the orc.
You claw the orc.
The orc is severely wounded.
The orc priest closely misses you.
You hit the orc but do no damage. You claw the orc, but do no damage.
The orc hits you but does no damage.
You hit the orc but do no damage. The orc barely misses you.
You riposte.
You barely miss the orc. You claw the orc, but do no damage.
The orc priest mumbles some strange prayers to Beogh against you.
Beogh smites you!
* * * LOW HITPOINT WARNING * * *
The orc priest shouts!
Your ring mail prevents you from hitting the orc.
Your kick misses the orc. The orc hits you but does no damage.
The orc priest mumbles some strange prayers to Beogh against you.
Beogh smites you!
You die...

..# ######### ..#
........######..#
............#...##
##.###...... ##
##@.)##.(..# .
..#######o#.#.##...# .#
........)oo......#####.#
.#.####.#.#>#.##...#...
##.####o##....####.#.#
.........####.# #...#
##.####o.# #.# ##.##
#o.# #.# #<####.# #..##
#.# #......#


You could see 2 orc priests and an orc.

Vanquished Creatures
  Natasha (twice) (D:2)
  A worker ant (D:4)
  The ghost of Iko the Digger, a weakling FoEE (D:3)
  5 adders
  A worm (D:2)
  A dart slug (D:3)
  2 leopard geckos
  5 orcs (D:4)
  2 ball pythons
  5 giant cockroaches
  6 goblins
  7 hobgoblins
  5 jackals
  6 bats
  4 frilled lizards
  8 kobolds
  9 rats
70 creatures vanquished.

Vanquished Creatures (others)
  A plant (D:3)
1 creature vanquished.

Grand Total: 71 creatures vanquished

Notes
Turn   | Place    | Note
-------+----------+-------------------------------------------
     0 | D:1      | diana the Demonspawn Gladiator began the quest for the Orb.
     0 | D:1      | Reached XP level 1. HP: 16/16 MP: 1/1
   124 | D:1      | Reached skill level 3 in Long Blades
   129 | D:1      | Gained mutation: Your flesh is heat resistant. (rF+) [demonic ancestry]
   129 | D:1      | Reached XP level 2. HP: 17/22 MP: 2/2
   390 | D:1      | Gained mutation: You have sharp toenails. [demonic ancestry]
   390 | D:1      | Reached XP level 3. HP: 24/28 MP: 3/3
   753 | D:2      | Found a hazy altar of Hepliaklqana.
   767 | D:2      | Found a sacrificial altar of Ru.
   768 | D:2      | Found a sparkling altar of Nemelex Xobeh.
   768 | D:2      | Found a white marble altar of Elyvilon.
   768 | D:2      | Found a hide-covered altar of Uskayaw.
   769 | D:2      | Found a glowing silver altar of Zin.
   782 | D:2      | Became a worshipper of Ru the Awakened
   940 | D:2      | Noticed Natasha
   948 | D:2      | Killed Natasha
   948 | D:2      | Reached XP level 4. HP: 25/34 MP: 4/4
  1120 | D:2      | Noticed Natasha
  1130 | D:2      | Killed Natasha
  1130 | D:2      | Reached skill level 1 in Armour
  1450 | D:3      | Reached skill level 4 in Long Blades
  1476 | D:3      | Gained mutation: You are partially covered in sharp spines. [demonic ancestry]
  1476 | D:3      | Reached XP level 5. HP: 41/41 MP: 5/5
  1642 | D:3      | Noticed Iko's ghost (weakling FoEE)
  1649 | D:3      | Killed Iko's ghost
  2153 | D:4      | Killed from afar by an orc priest

Skill      XL: |  1  2  3  4 |
---------------+-------------+-----
Long Blades    | 3 4 |  4.3
Dodging        | 3 |  3.5
Armour         | 1 |  1.5
Fighting       | 3 |  3.2
Throwing       | |  1.7

Action                   |  1- 3 |  4- 6 || total
-------------------------+-------+-------++-------
Melee: Long sword        |   104 |    72 ||   176
       Kick              |    12 |    25 ||    37
 Stab: Sleeping          |     2 |       ||     2
  Eat: Chunk             |       |     4 ||     4
Armor: Leather armour    |    16 |       ||    16
       Ring mail         |    11 |    24 ||    35
Dodge: Dodged            |    58 |    36 ||    94
       Rpst.: Long sword |    17 |    14 ||    31
